 Dungeon Crawl Stone Soup version 0.30-a0-739-gea05faddec (webtiles) character file.

Game seed: 10657894233762388980

158183 Pooter the Warrior (level 17, 0/188 HPs)
             Began as a Minotaur Berserker on Feb 3, 2023.
             Was a High Priest of Trog.
             Slain by a sea snake (2 damage)
             ... on level 4 of the Shoals on Feb 5, 2023.
             The game lasted 02:55:56 (34194 turns).

Pooter the Warrior (Minotaur Berserker)            Turns: 34194, Time: 02:55:56

Health: 0/188      AC: 26    Str: 27    XL:     17   Next: 13%
Magic:  16/16      EV: 17    Int:  6    God:    Trog [*****.]
Gold:   2149       SH:  5    Dex: 17    Spells: 16/16 levels left

rFire   . . .      SeeInvis +    b - +6 arbalest (heavy)
rCold   . . .      Faith    .    (shield currently unavailable)
rNeg    . . .      Spirit   .    h - +5 plate armour
rPois   .          Reflect  +    (helmet unavailable)
rElec   +          Harm     +    (no cloak)
rCorr   .          Rampage  .    w - +1 pair of gloves of Neunloon {Harm SInv}
Will    +....                    k - +2 pair of boots {Fly} Stlth
                                 N - amulet "Seleb" {Reflect rElec SH+5}
HPRegen 0.51/turn                L - +6 ring of dexterity
MPRegen 0.15/turn                T - +5 ring of evasion

@: lethally poisoned (0 -> -38), flying
A: horns 3, retaliatory headbutt, robust 1
a: Renounce Religion, Berserk, Trog's Hand, Brothers in Arms


You were on level 4 of the Shoals.
You worshipped Trog.
Trog was extremely pleased with you.
You visited 4 branches of the dungeon, and saw 26 of its levels.
You also visited: Ice Cave.

You collected 2779 gold pieces.
You spent 630 gold pieces at shops.

Inventory:

Hand Weapons
 a - a +5 heavy dire flail
   (You found it on level 7 of the Dungeon)
 b - a +6 heavy arbalest (weapon)
   (You bought it in a shop on level 2 of the Orcish Mines)
 e - a +2 antimagic executioner's axe
   (Trog gifted it to you on level 3 of the Shoals)
 A - the +10 hand axe of Equivalence {spect, *Rage rElec Will+++ Stlth+}
   (You found it on level 10 of the Dungeon)

   rElec:     It insulates you from electricity.
   *Rage:     It berserks you when you make melee attacks (+20% chance).
   Will:      It greatly increases your willpower.
   Stlth:     It makes you more stealthy.
Missiles
 n - a silver boomerang
 o - 6 javelins
 x - 4 curare-tipped darts
 B - a boomerang of dispersal {!f}
 H - 19 boomerangs
Armour
 h - a +5 plate armour (worn)
   (You took it off an orc warrior on level 4 of the Dungeon)
 k - a +2 pair of boots of flying (worn)
   (You bought it in a shop on level 2 of the Orcish Mines)
 s - a +0 pair of gloves of stealth
   (You found it in an ice cave)
 w - the +1 pair of gloves of Neunloon (worn) {Harm SInv}
   (You acquired it on level 12 of the Dungeon)

   SInv:      It lets you see invisible.
   Harm:      It increases damage dealt and taken.
 Q - a +0 cloak
   (You took it off a white draconian in an ice cave)
Jewellery
 d - a ring of fire
   (You found it on level 9 of the Dungeon)
 m - a +4 ring of protection
   (You found it on level 2 of the Dungeon)
 z - an amulet of regeneration
   (You found it on level 4 of the Dungeon)
 C - a ring of resist corrosion
   (You found it on level 11 of the Dungeon)
 G - an amulet of guardian spirit
   (You found it on level 8 of the Dungeon)
 I - a ring of protection from cold
   (You found it on level 5 of the Lair of Beasts)
 L - a +6 ring of dexterity (left hand)
   (You found it on level 15 of the Dungeon)
 N - the amulet "Seleb" (around neck) {Reflect rElec SH+5}
   (You took it off a kobold demonologist on level 7 of the Dungeon)

   [amulet of reflection]

   It reflects blocked missile attacks.
   rElec:     It insulates you from electricity.
   SH:        It affects your SH (+5).
 S - a ring of see invisible
   (You found it on level 1 of the Lair of Beasts)
 T - a +5 ring of evasion (right hand)
   (You found it on level 5 of the Dungeon)
 U - a ring of willpower
   (You found it on level 10 of the Dungeon)
Wands
 f - a wand of flame (33)
   (You found it on level 2 of the Lair of Beasts)
 p - a wand of light (21)
   (You took it off Terence on level 3 of the Dungeon)
 q - a wand of roots (7)
   (You bought it in a shop on level 2 of the Orcish Mines)
 u - a wand of paralysis (13)
   (You found it on level 2 of the Lair of Beasts)
 O - a wand of polymorph (11)
   (You found it on level 10 of the Dungeon)
Scrolls
 c - 2 scrolls of blinking
 i - 5 scrolls of identify {@r1}
 r - 2 scrolls of immolation {!r}
 t - 6 scrolls of teleportation {@r4}
 v - 4 scrolls of magic mapping
 y - 2 scrolls of silence
 K - 4 scrolls of fog
 P - 4 scrolls of poison {!r}
 R - 3 scrolls of brand weapon
 Z - 3 scrolls of summoning
Potions
 g - a potion of resistance
 j - 4 potions of lignification {!q}
 l - 9 potions of curing {@q1}
 D - 8 potions of heal wounds {@q2}
 E - 3 potions of flight
 F - 5 potions of mutation {!q}
 J - 6 potions of might
 M - a potion of ambrosia
 V - 4 potions of haste {@q3}
 W - 5 potions of attraction {!q}
 X - a potion of cancellation


   Skills:
 * Level 20.3 Fighting
 - Level 9.8(12.8) Axes
 - Level 12.6(14.0) Maces & Flails
 - Level 3.6(7.2) Polearms
 + Level 17.2 Ranged Weapons
 + Level 5.2 Throwing
 * Level 12.7 Armour
 - Level 9.5 Dodging
 + Level 4.7 Stealth
 + Level 7.3 Evocations


You had 16 spell levels left.
You didn't know any spells.
Your spell library was empty.

Dungeon Overview and Level Annotations

Branches:
Dungeon (15/15)            Temple (0/1) D:4            Lair (5/5) D:11
 Shoals (4/4) Lair:3       Spider (0/4) Lair:2        Slime (0/5) Lair:5
    Orc (2/2) D:9             Elf (0/3) Orc:2        Vaults (0/5) D:13
 Depths (0/4) D:15          IceCv (visited)

Altars:
Cheibriados
Dithmenos
Gozag
Hepliaklqana
Makhleb
Okawaru
Qazlal
Uskayaw
Vehumet
Xom
Yredelemnul
Jiyva

Shops:
Orc:2 ((*(   Shoals:2 [

Portals:
Trove: D:14 (give +2 shadow dragon scales)


Innate Abilities, Weirdness & Mutations

You have a pair of large horns on your head.
You reflexively headbutt those who attack you in melee.
You are robust. (+10% HP)


Message History

The merfolk javelineer throws a silver javelin.
The silver javelin pierces through you! The silver sears you!
A water elemental comes into view.
The merfolk javelineer hits you but does no damage.
The sea snake bites you but does no damage.
The merfolk avatar chants its luring song.
The merfolk javelineer throws a silver javelin.
The silver javelin pierces through you but does no damage.
The silver sears you!
You cannot move away from the merfolk avatar!
You fade into invisibility!
You feel very sick.
A nearby plant withers and dies.
The sea snake bites you!
* * * LOW HITPOINT WARNING * * *
You are more poisoned.
The sea snake poisons you!
A water nymph comes into view.
The merfolk javelineer throws a silver javelin.
The silver javelin pierces through the merfolk javelineer!!
The silver javelin pierces through you!!
* * * LOW HITPOINT WARNING * * *
The silver sears you!
* * * LOW HITPOINT WARNING * * *
The silver javelin pierces through the plant!!
The merfolk javelineer throws a javelin.
The javelin pierces through the sea snake!!
The javelin pierces through you but does no damage.
The merfolk javelineer throws a silver javelin.
The silver javelin closely misses you.
A water elemental comes into view. x2
Aim: a merfolk avatar (almost dead, mesmerising, unable to see you, will become a great orb of eyes, a quicksilver ooze, or an alligator, chance to affect: 1%)
Okay, then.
Aim: a merfolk avatar (almost dead, mesmerising, unable to see you, chance to affect: 1%)
Okay, then.
Unknown command.
Unknown command.
Your magical effects are unravelling.
You feel magically purged.
You flicker back into view.
You break out of your daze.
* * * LOW HITPOINT WARNING * * *
You feel extremely sick.
The merfolk siren shouts!
The sea snake barely misses you.
The merfolk javelineer hits you from afar with a +0 spear!
* * * LOW HITPOINT WARNING * * *
* * * LOW HITPOINT WARNING * * *
You feel extremely sick.
A nearby plant withers and dies.
The sea snake bites you.
You die... ≈≈≈~~~~~PPPP~~~ )~PP~ ≈≈~~...PPPPP~.. .~~~P ≈≈PP..P....m...
P..~~ ≈~P............ .P.~~ ≈~~PP.....~)EE. ...~P ≈≈PPP....mmm~mE

....P
≈≈≈≈PP...m~#
.m...
≈≈≈P~..@S~# #
≈≈≈P~~....# #
≈≈≈~~~~~..#
≈≈≈~~~~~..#
≈≈≈≈≈~~~..#
≈≈≈≈~~~....
≈≈≈≈~~~.....
≈≈≈~~......##


You could see a merfolk avatar, 3 merfolk javelineers, a sea snake, 3 water
elementals, a merfolk siren and a water nymph.

Vanquished Creatures
  Kirke (D:12)
  Roxanne (Shoals:3)
  4 frost giants (IceCv)
  A stone giant (D:15)
  A white draconian (IceCv)
  Josephine (Lair:3)
  2 merfolk impalers
  2 merfolk javelineers
  Fannar (D:11)
  8 hydras
  7 ice dragons (IceCv)
  7 ironbound frosthearts (IceCv)
  4 merfolk aquamancers
  5 ogre magi
  A two-headed ogre (shapeshifter) (D:14)
  An alligator snapping turtle (Shoals:2)
  3 catoblepae
  6 centaur warriors
  2 boulder beetles
  17 death yaks
  24 two-headed ogres
  A deep troll shaman (Lair:5)
  Urug (D:12)
  4 tengu warriors
  Nergalle (D:11)
  11 sea snakes
  A skeletal warrior (D:13)
  A wizard (D:15)
  An orange crystal statue (IceCv)
  A lindwurm (Lair:5)
  4 harpies (Shoals:1)
  A harpy (shapeshifter) (D:13)
  2 orc knights
  A deep elf pyromancer (D:14)
  6 cyclopes
  20 fauns
  10 manticores
  5 ugly things
  8 elephants
  3 black mambas
  9 merfolk sirens
  2 ice statues (D:15)
  6 cane toads
  4 centaur skeletons (D:13)
  2 guardian serpents (D:14)
  4 water nymphs
  A torpor snail (Lair:4)
  5 gargoyles (D:10)
  8 komodo dragons
  An efreet (D:8)
  2 freezing wraiths
  6 kobold demonologists
  2 unseen horrors
  9 rime drakes
  3 tengu conjurers
  25 merfolk
  7 trolls
  A burning bush (Lair:2)
  A meliai (Lair:2)
  3 wind drakes
  9 polar bears
  2 hornets
  13 blink frogs
  9 dream sheep
  4 snapping turtles
  17 slime creatures
  8 wraiths
  3 wyverns
  43 yaks
  13 water elementals
  2 shadows
  4 hogs
  16 vampire mosquitoes
  2 basilisks
  4 steam dragons
  A warg (Orc:1)
  4 acid dragons
  19 water moccasins
  2 ice beasts
  A sky beast (D:7)
  17 orc warriors
  6 black bears
  24 ogres
  4 boggarts (Lair:5)
  13 wolves
  14 centaurs
  8 kobold brigands
  14 bullfrogs
  A scorpion (D:4)
  3 necrophages
  3 gnoll sergeants
  8 wights
  7 killer bees
  3 electric eels (D:13)
  6 howler monkeys
  3 hounds
  3 jellies (Lair:5)
  2 gnoll boudas
  24 orc priests
  4 iguanas
  Terence (D:3)
  27 orc wizards
  Robin (D:3)
  9 gnolls
  5 adders
  A shadow imp (D:7)
  4 white imps
  An ufetubus (D:6)
  69 orcs
  6 ball pythons
  3 endoplasms (D:1)
  A giant cockroach (D:1)
  12 goblins
  12 hobgoblins
  2 jackals (D:4)
  25 kobolds
  3 quokkas
  4 bats (D:1)
  2 frilled lizards
  3 rats
816 creatures vanquished.

Vanquished Creatures (collateral kills)
  A centaur warrior (D:14)
  A komodo dragon (Lair:3)
  A wyvern (Lair:3)
  A basilisk (Lair:3)
  A centaur (D:14)
5 creatures vanquished.

Vanquished Creatures (others)
  2 humans (D:12)
  18 fungi
  90 plants
110 creatures vanquished.

Grand Total: 931 creatures vanquished

Notes
Turn   | Place    | Note
-------+----------+-------------------------------------------
     0 | D:1      | Pooter the Minotaur Berserker began the quest for the Orb.
     0 | D:1      | Reached XP level 1. HP: 19/19 MP: 0/0
   139 | D:1      | Reached skill level 4 in Fighting
   144 | D:1      | Reached XP level 2. HP: 27/27 MP: 1/1
   656 | D:2      | Reached XP level 3. HP: 32/34 MP: 2/2
   791 | D:2      | Found a hazy altar of Hepliaklqana.
  1137 | D:3      | Noticed Robin
  1143 | D:3      | Noticed Terence
  1146 | D:3      | Reached XP level 4. HP: 41/41 MP: 3/3
  1146 | D:3      | Reached ** piety under Trog
  1152 | D:3      | Killed Robin
  1153 | D:3      | Reached skill level 5 in Fighting
  1156 | D:3      | Killed Terence
  1352 | D:3      | Found an iron altar of Okawaru.
  1800 | D:4      | Reached XP level 5. HP: 33/48 MP: 4/4
  1865 | D:4      | Reached skill level 1 in Ranged Weapons
  1935 | D:4      | Found a staircase to the Ecumenical Temple.
  2047 | D:4      | You fall into a shaft and drop 2 floors!
  2047 | D:6      | Found a hide-covered altar of Uskayaw.
  2080 | D:6      | Noticed a centaur
  2113 | D:6      | Killed a centaur
  2114 | D:6      | Reached skill level 6 in Fighting
  2114 | D:6      | Reached skill level 5 in Axes
  2114 | D:6      | Reached skill level 1 in Polearms
  2114 | D:6      | Reached XP level 6. HP: 57/57 MP: 5/5
  2117 | D:6      | Gained mutation: Your spells are a little easier to cast,
                  | but a little less powerful. [potion of mutation]
  2117 | D:6      | Gained mutation: You have a pair of large horns on your
                  | head. [potion of mutation]
  2220 | D:6      | Lost mutation: You have a pair of large horns on your head.
                  | [potion of mutation]
  2220 | D:6      | Lost mutation: Your spells are a little easier to cast, but
                  | a little less powerful. [potion of mutation]
  2220 | D:6      | Gained mutation: You have a pair of large horns on your
                  | head. [potion of mutation]
  2220 | D:6      | Gained mutation: You are robust. (+10% HP) [potion of
                  | mutation]
  2260 | D:5      | Entered Level 5 of the Dungeon
  2629 | D:4      | Noticed an orc warrior
  2642 | D:4      | Killed an orc warrior
  2738 | D:4      | Identified the +5 ring mail of Restlessness {Str+2}
  2819 | D:4      | Identified the +5 ring mail "Mueblausay" {Int+4}
  2917 | D:4      | Reached XP level 7. HP: 70/70 MP: 6/6
  3417 | D:5      | Found a shadowy altar of Dithmenos.
  3447 | D:5      | Reached skill level 7 in Fighting
  3508 | D:5      | Found a snail-covered altar of Cheibriados.
  3737 | D:5      | Reached XP level 8. HP: 78/80 MP: 7/7
  3744 | D:5      | Found an opulent altar of Gozag.
  3747 | D:5      | Found an opulent altar of Gozag.
  3747 | D:5      | Found an opulent altar of Gozag.
  3768 | D:5      | Found an opulent altar of Gozag.
  3891 | D:5      | Identified the +3 helmet of the Realm of Zot {Harm +Inv
                  | rPois Int+4}
  4016 | D:6      | Found a hazy altar of Hepliaklqana.
  4072 | D:6      | Reached skill level 5 in Ranged Weapons
  4072 | D:6      | Reached skill level 5 in Dodging
  4073 | D:6      | Reached skill level 8 in Fighting
  4697 | D:7      | Reached XP level 9. HP: 90/90 MP: 8/8
  4793 | D:7      | Reached skill level 9 in Fighting
  4909 | D:7      | Noticed a manticore
  4909 | D:7      | Noticed a cyclops
  4925 | D:7      | Killed a manticore
  4927 | D:7      | Killed a cyclops
  4927 | D:7      | Reached *** piety under Trog
  4928 | D:7      | Reached skill level 10 in Fighting
  4980 | D:7      | Found the +10 tower shield of Ignorance {rN+ Int-4}
  5026 | D:7      | Noticed a kobold demonologist
  5026 | D:7      | Noticed a troll
  5026 | D:7      | Noticed a manticore
  5026 | D:7      | Noticed a manticore
  5035 | D:7      | Killed a troll
  5043 | D:7      | Reached XP level 10. HP: 102/102 MP: 9/9
  5419 | D:7      | Found a basalt altar of Yredelemnul.
  5821 | D:7      | Killed a manticore
  5853 | D:7      | Identified the amulet "Seleb" {Reflect rElec SH+5}
  5945 | D:7      | Killed a manticore
  5946 | D:7      | Reached skill level 11 in Fighting
  6022 | D:7      | Identified the +5 flail of Omamp {chaos, Str-5 Dex+7
                  | Stlth-}
  6394 | D:8      | Reached skill level 1 in Maces & Flails
  6523 | D:8      | Noticed a two-headed ogre
  6540 | D:8      | Killed a two-headed ogre
  6609 | D:8      | Noticed an eight-headed hydra
  6614 | D:8      | Killed an eight-headed hydra
  6693 | D:8      | Noticed a two-headed ogre
  6696 | D:8      | Killed a two-headed ogre
  6697 | D:8      | Reached XP level 11. HP: 114/114 MP: 10/10
  7039 | D:8      | Reached skill level 12 in Fighting
  7417 | D:9      | Found a staircase to the Orcish Mines.
  7429 | Orc:1    | Entered Level 1 of the Orcish Mines
  7578 | Orc:1    | Reached skill level 5 in Maces & Flails
  7916 | Orc:2    | Entered Level 2 of the Orcish Mines
  7928 | Orc:1    | Reached skill level 10 in Ranged Weapons
  8745 | Orc:2    | Noticed an orc knight
  8916 | Orc:2    | Killed an orc knight
  9028 | Orc:2    | Noticed a two-headed ogre
  9069 | Orc:2    | Noticed a two-headed ogre
  9073 | Orc:2    | Noticed a two-headed ogre
  9076 | Orc:2    | Noticed a two-headed ogre
  9077 | Orc:2    | Noticed an ogre mage
  9078 | Orc:2    | Killed a two-headed ogre
  9102 | Orc:1    | Killed a two-headed ogre
  9144 | Orc:1    | Killed a two-headed ogre
  9287 | Orc:2    | Reached skill level 13 in Fighting
  9443 | Orc:2    | Paralysed by something for 2 turns
  9451 | Orc:2    | Killed an ogre mage
  9530 | Orc:2    | Noticed a two-headed ogre
  9545 | Orc:2    | Killed a two-headed ogre
  9725 | Orc:2    | Noticed a two-headed ogre
  9731 | Orc:2    | Killed a two-headed ogre
  9732 | Orc:2    | Reached XP level 12. HP: 126/126 MP: 11/11
  9799 | Orc:2    | Noticed a two-headed ogre
  9799 | Orc:2    | Noticed a two-headed ogre
  9801 | Orc:2    | Noticed a two-headed ogre
  9827 | Orc:1    | Killed a two-headed ogre
  9829 | Orc:1    | Killed a two-headed ogre
  9831 | Orc:1    | Killed a two-headed ogre
 10008 | Orc:2    | Noticed a two-headed ogre
 10034 | Orc:2    | Killed a two-headed ogre
 10061 | Orc:2    | Noticed an ogre mage
 10091 | Orc:2    | Killed an ogre mage
 10155 | Orc:2    | Noticed a two-headed ogre
 10162 | Orc:2    | Noticed an ogre mage
 10166 | Orc:2    | Killed a two-headed ogre
 10172 | Orc:2    | Killed an ogre mage
 10173 | Orc:2    | Reached skill level 14 in Fighting
 10255 | Orc:2    | Noticed an ogre mage
 10264 | Orc:2    | Noticed a two-headed ogre
 10266 | Orc:2    | Killed a two-headed ogre
 10271 | Orc:2    | Killed an ogre mage
 10289 | Orc:1    | Killed a two-headed ogre
 10576 | Orc:2    | Noticed a two-headed ogre
 10582 | Orc:2    | Killed a two-headed ogre
 10929 | Orc:2    | Found Kycs's Weapon Shoppe.
 10929 | Orc:2    | Found Wamp's Weapon Shop.
 10929 | Orc:2    | Found Lameroqae's General Store.
 10929 | Orc:2    | Found Agrecoy's Weapon Emporium.
 10939 | Orc:2    | Bought a +2 heavy arbalest for 201 gold pieces
 10943 | Orc:2    | Bought a scroll of identify for 26 gold pieces
 10943 | Orc:2    | Bought a +2 pair of boots of flying for 279 gold pieces
 10943 | Orc:2    | Bought a wand of roots (4) for 124 gold pieces
 11152 | Orc:2    | Found a staircase to the Elven Halls.
 11573 | D:9      | Found a radiant altar of Vehumet.
 11584 | D:9      | Reached **** piety under Trog
 12048 | D:10     | Entered Level 10 of the Dungeon
 12061 | D:10     | Identified the +10 hand axe of Equivalence {spect, *Rage
                  | rElec Will+++ Stlth+}
 12088 | D:10     | Noticed a two-headed ogre
 12103 | D:10     | Killed a two-headed ogre
 12104 | D:10     | Reached skill level 10 in Maces & Flails
 13579 | D:10     | Reached XP level 13. HP: 137/137 MP: 12/12
 13980 | D:10     | Found a burning altar of Makhleb.
 14125 | D:10     | Found a stormy altar of Qazlal.
 14259 | D:10     | Upgraded the game from 0.30-a0-738-g116ff8c4af to
                  | 0.30-a0-739-gea05faddec
 14303 | D:11     | Noticed Fannar
 14314 | D:11     | Killed Fannar
 14556 | D:11     | Noticed Nergalle
 14558 | D:11     | Killed Nergalle
 14559 | D:11     | Reached skill level 15 in Fighting
 15290 | D:11     | Found a staircase to the Lair.
 15417 | Lair:1   | Entered Level 1 of the Lair of Beasts
 16431 | Lair:2   | Reached skill level 5 in Armour
 16985 | Lair:2   | Found a hole to the Spider Nest.
 17455 | Lair:3   | Found a staircase to the Shoals.
 17537 | Lair:3   | Reached skill level 16 in Fighting
 17545 | Lair:3   | Reached skill level 1 in Evocations
 17885 | Lair:3   | Noticed Josephine
 17889 | Lair:3   | Killed Josephine
 18115 | Lair:3   | Reached XP level 14. HP: 150/150 MP: 13/13
 18697 | Lair:4   | Reached ***** piety under Trog
 19317 | Lair:5   | Entered Level 5 of the Lair of Beasts
 19317 | Lair:5   | Found a staircase to the Slime Pits.
 19754 | Lair:5   | Reached skill level 17 in Fighting
 19809 | Lair:4   | Reached skill level 15 in Ranged Weapons
 20278 | Lair:5   | Received a gift from Trog
 21439 | Lair:5   | Found a viscous altar of Jiyva.
 21626 | D:12     | Noticed Kirke
 21644 | D:12     | Noticed a sphinx
 21650 | D:12     | Killed Kirke
 21651 | D:12     | Reached XP level 15. HP: 162/162 MP: 14/14
 21720 | D:12     | Found the +5 Force Lance {heavy, knockback}
 22082 | D:12     | Noticed Urug
 22083 | D:12     | Reached skill level 18 in Fighting
 22091 | D:12     | Killed Urug
 22105 | D:12     | Identified a scroll of acquirement
 22106 | D:12     | Acquired the +1 pair of gloves of Neunloon {Harm SInv}
 22431 | D:13     | Received a gift from Trog
 23055 | D:13     | Reached skill level 5 in Evocations
 23672 | D:13     | Found a gate to the Vaults.
 26018 | D:14     | Reached skill level 1 in Throwing
 26176 | D:14     | Reached skill level 1 in Stealth
 26198 | D:14     | Found a portal to a secret trove of treasure.
 26470 | D:15     | Entered Level 15 of the Dungeon
 26479 | D:15     | Found a frozen archway.
 26568 | IceCv    | Entered an ice cave
 26812 | IceCv    | Reached skill level 19 in Fighting
 26821 | IceCv    | Reached skill level 10 in Armour
 27288 | IceCv    | Noticed a frost giant
 27288 | IceCv    | Noticed a frost giant
 27288 | IceCv    | Noticed a frost giant
 27288 | IceCv    | Noticed a frost giant
 27298 | IceCv    | Killed a frost giant
 27301 | IceCv    | Killed a frost giant
 27304 | IceCv    | Killed a frost giant
 27305 | IceCv    | Reached XP level 16. HP: 174/176 MP: 15/15
 28703 | D:15     | Found a staircase to the Depths.
 28822 | D:15     | Found a shimmering altar of Xom.
 29080 | Shoals:1 | Entered Level 1 of the Shoals
 29683 | Shoals:1 | Received a gift from Trog
 29683 | Shoals:1 | Found the +5 woodcutter's axe
 31631 | Shoals:2 | Reached skill level 20 in Fighting
 31972 | Shoals:2 | Found Worrox's Armour Shoppe.
 33507 | Shoals:3 | Reached XP level 17. HP: 149/187 MP: 16/16
 33598 | Shoals:3 | Reached skill level 5 in Throwing
 33645 | Shoals:3 | Received a gift from Trog
 33660 | Shoals:3 | Identified Roxanne's Annotations on Composition
 33660 | Shoals:3 | Noticed Roxanne
 33667 | Shoals:3 | Killed Roxanne
 34135 | Shoals:4 | Entered Level 4 of the Shoals
 34194 | Shoals:4 | HP: 2/188 [poisoned by a sea snake]
 34194 | Shoals:4 | Slain by a sea snake

Illustrated notes

Levels and vault maps discovered:
D:1:      grunt_arrival_crossed_arrows, layout_basic
D:2:      layout_rooms, basic_altar
D:3:      layout_basic, mainiacjoe_overflow_concentric_impassable, uniq_terence,
          uniq_robin, uniq_ijyb
D:4:      layout_basic, minmay_temple_entry_statues_pillars
D:5:      layout_loops_ring, amcnicky_altar_gilded,
          nicolae_gozag_conspicuous_consumption, nicolae_dithmenos_the_darkroom,
          chequers_serial_rivers_small_a
D:6:      layout_basic, mainiacjoe_overflow_24_doors, kennysheep_mini_moat
D:7:      minmay_the_grid_octo_tiled_squarecenter [minmay_the_grid_octo_focus,
          minmay_the_grid_octo_chip, minmay_the_grid_octo_teeth,
          minmay_the_grid_octo_checkerflower,
          minmay_the_grid_square_5x5_megaprize_diamond,
          minmay_the_grid_square_5x5_slash,
          minmay_the_grid_square_5x5_trominoes,
          minmay_the_grid_square_5x5_three_walls, minmay_the_grid_square_5x5_c],
          layout_basic, mainiacjoe_overflow_brackets, nicolae_zen_rock_garden
D:8:      layout_basic, kb_rosetta
D:9:      layout_basic, nicolae_vehumet_altar_sigil, orc_0_dummy
D:10:     cheibrodos_statue_roulette, layout_loops_cross, grunt_qazlal_clouds,
          mainiacjoe_overflow_chevrons, st_stairs_4, evilmike_butchery
D:11:     layout_gridville, david_lair_shrubbed, uniq_nergalle, uniq_fannar
D:12:     layout_cave_pools, minivault_5, due_unseen_surprise, uniq_urug,
          uniq_kirke
D:13:     layout_basic, hangedman_vaults_entry_quadrant_bands,
          kennysheep_generic_room_5
D:14:     nrook_guardian_serpent_snake_passage, layout_loops_ring,
          enter_trove_2, infiniplex_staircase_river
D:15:     grunt_enter_depths_snipers, layout_rooms, xom_teletrap_fun,
          portal_ice_cave_entry_ice_statue_two
Lair:1:   layout_gridlike, infiniplex_staircase_pool, lemuel_fruit_tree
Lair:2:   layout_gridlike, hellmonk_spider_entry_not_the_bees, evilmike_ambush
          [evilmike_ambush_outer_pillars, evilmike_ambush_inner_cross],
          grunt_megastairs_1
Lair:3:   layout_cave_pods, minmay_shoals_entry_lonely_mermaid, serial_rivers,
          chequers_serial_rivers_room_b, chequers_serial_rivers_micro_d,
          chequers_serial_rivers_small_a, chequers_serial_rivers_micro_d,
          uniq_josephine
Lair:4:   layout_long_grid, serial_bayou_shore_b
Lair:5:   grunt_lair_end_beastmaster, layout_long_grid,
          nicolae_slime_entry_field_trip, kilobyte_rumbling_trees
Shoals:1: layout_shoals
Shoals:2: layout_shoals, serial_shops, nicolae_take_the_stairs
Shoals:3: layout_shoals, nicolae_shoals_so_close, uniq_roxanne
Shoals:4: shoals_end_simple, layout_shoals, nicolae_shoals_elemental_ambush
Orc:1:    layout_caves, mines2_david
Orc:2:    st_orc_ogre_mass, layout_diamond_mine, nicolae_orc_sculptors_studio

Skill      XL: |  1  2  3  4  5  6  7  8  9 10 11 12 13 14 15 16 17 |
---------------+----------------------------------------------------+-----
Fighting       | 4 5 6 7 8 10 11 13 14 16 17 19 20 | 20.3
Axes           | 4 5 7 9 |  9.8
Dodging        | 3 4 5 6 7 8 9 |  9.5
Ranged Weapons | 2 3 4 6 7 9 11 12 14 15 16 17 | 17.2
Polearms       | 1 3 |  3.6
Maces & Flails | 4 7 10 12 | 12.6
Armour         | 3 5 8 10 12 | 12.7
Evocations     | 1 4 6 7 |  7.3
Throwing       | 2 4 5 |  5.2
Stealth        | 2 4 |  4.7

Action                     |  1- 3 |  4- 6 |  7- 9 | 10-12 | 13-15 | 16-18 || total
---------------------------+-------+-------+-------+-------+-------+-------++-------
  Melee: Hand axe          |    30 |    11 |    52 |    36 |       |       ||   129
         Headbutt          |     9 |     7 |    25 |    50 |    94 |    25 ||   210
         Whip              |    50 |    13 |       |       |       |       ||    63
         Trident           |       |    44 |    64 |       |       |       ||   108
         Punch             |       |     1 |       |       |       |       ||     1
         Dire flail        |       |       |       |   219 |   453 |   118 ||   790
   Fire: Sling             |       |    11 |       |       |       |       ||    11
         Shortbow          |       |    20 |    29 |    56 |       |       ||   105
         Arbalest          |       |       |       |   188 |   407 |   281 ||   876
  Throw: Stone             |       |     2 |     3 |       |       |       ||     5
         Boomerang         |       |       |       |    10 |     1 |       ||    11
         Dart              |       |       |       |       |    13 |       ||    13
 Invoke: Berserk           |     2 |     3 |     6 |    23 |     8 |     6 ||    48
         Trog's Hand       |       |     1 |     2 |    18 |    16 |     8 ||    45
         Brothers in Arms  |       |       |       |       |     2 |       ||     2
  Evoke: Wand              |       |     2 |       |       |     4 |     4 ||    10
    Use: Scroll            |     1 |     4 |     4 |    15 |    13 |     3 ||    40
         Potion            |       |     6 |       |       |     4 |     3 ||    13
   Stab: Invisible         |       |     2 |       |       |       |     1 ||     3
         Sleeping          |       |     1 |       |       |       |       ||     1
         Petrified         |       |       |       |       |     4 |       ||     4
         Paralysed         |       |       |       |       |     2 |     2 ||     4
 Armour: Animal skin       |    22 |     4 |       |       |       |       ||    26
         Scale mail        |       |     7 |       |       |       |       ||     7
         Skin              |       |    35 |       |       |       |       ||    35
         Robe              |       |    10 |       |       |       |       ||    10
         Plate armour      |       |     1 |       |       |   254 |   184 ||   439
         Ring mail         |       |       |    46 |    96 |    40 |       ||   182
  Dodge: Dodged            |    45 |    36 |   130 |   346 |   492 |   202 ||  1251
  Block: Other             |       |       |       |    97 |   159 |    72 ||   328
         Reflection        |       |       |       |     7 |     8 |    12 ||    27

Table legend: (Time is in decaauts)
 A = Elapsed time spent in this place.
 B = Non-inter-level travel time spent in this place.
 C = Inter-level travel time spent in this place.
 D = Time resting spent in this place.
 E = Time spent auto-exploring this place.
 F = Levels seen in this place.
 G = Mean time per level.
                   A        B        C        D        E       F      G
               +--------+--------+--------+--------+--------+-----+--------+
         Total |  35390 |  34311 |   1079 |  13162 |  15037 |  27 | 1310.7 |
       Dungeon |  17910 |  17374 |    536 |   6581 |   8074 |  15 | 1194.0 |
          Lair |   6452 |   6103 |    349 |   1203 |   3681 |   5 | 1290.4 |
        Shoals |   5341 |   5181 |    160 |   2049 |   2361 |   4 | 1335.2 |
  Orcish Mines |   4052 |   4019 |     33 |   2155 |    767 |   2 | 2026.0 |
      Ice Cave |   1634 |   1634 |      0 |   1172 |    154 |   1 | 1634.0 |
               +--------+--------+--------+--------+--------+-----+--------+

Top non-repeatable levels by time:
    D:13: 2821 daAuts
    D:10: 2284 daAuts
  Lair:5: 2221 daAuts
Shoals:2: 2163 daAuts
   Orc:2: 2055 daAuts
     D:7: 2004 daAuts
   Orc:1: 1997 daAuts
Shoals:3: 1795 daAuts
   IceCv: 1634 daAuts
    D:14: 1390 daAuts
Shoals:1: 1360 daAuts
     D:4: 1313 daAuts
  Lair:3: 1311 daAuts
    D:11: 1274 daAuts
     D:8: 1105 daAuts
